 Dungeon Crawl Stone Soup version 0.31-a0-672-g7da72447bb (webtiles) character file.

Game seed: 17392152172346754448

860 gruber the Destroyer (level 8, -1/46 HPs)
             Began as an Octopode Conjurer on Sept 4, 2023.
             Was an Initiate of Vehumet.
             Slain by a centaur (3 damage)
             ... on level 6 of the Dungeon.
             The game lasted 00:05:01 (5564 turns).

gruber the Destroyer (Octopode Conjurer)            Turns: 5564, Time: 00:05:02

Health: -1/46      AC:  1    Str:  6    XL:     8   Next: 2%
Magic:  12/15      EV: 13    Int: 22    God:    Vehumet [......]
Gold:   258        SH:  0    Dex: 11    Spells: 7/17 levels left

rFire   . . .        i - +0 short sword (speed)
rCold   . . .        (no shield)
rNeg    . . .        (helmet restricted)
rPois   .            (no amulet)
rElec   .            (no ring)
rCorr   .            (no ring)
SInv    .            (no ring)
Will    .....        (no ring)
Stlth   +++          (no ring)
HPRegen 0.27/turn    (no ring)
MPRegen 0.14/turn    (no ring)
                     (no ring)

%: no passive effects
@: no status effects
A: almost no armour, amphibious, 8 rings, camouflage 1, gelatinous body 1,
(nimble swimmer 1), tentacles
a: Renounce Religion


You were on level 6 of the Dungeon.
You worshipped Vehumet.
Vehumet was noncommittal.
You visited 2 branches of the dungeon, and saw 7 of its levels.

You collected 258 gold pieces.

Inventory:

Hand Weapons
 i - a +0 short sword of speed (weapon)
Wands
 q - a wand of acid (5)
Scrolls
 b - a scroll of fear {unknown}
 c - a scroll of teleportation {unknown}
 d - a scroll of brand weapon {unknown}
 e - a scroll of fog {unknown}
 g - a scroll of vulnerability {unknown}
 j - a scroll of summoning {unknown}
 k - a scroll of torment {unknown}
 l - a scroll of immolation {unknown}
 m - 4 scrolls of identify {unknown}
 n - a scroll of enchant weapon {unknown}
 o - a scroll of enchant armour {unknown}
 r - a scroll of amnesia {unknown}
Potions
 a - a potion of magic
 f - a potion of berserk rage
 h - a potion of attraction
 p - a potion of heal wounds {unknown}


   Skills:
 - Level 2.0 Dodging
 - Level 2.6 Stealth
 * Level 5.0 Spellcasting
 - Level 8.2 Conjurations


You had 7 spell levels left.
You knew the following spells:

 Your Spells              Type           Power      Damage    Failure   Level
a - Magic Dart            Conj           100%       1d8       1%          1
b - Searing Ray           Conj           82%        2d7       1%          2
c - Dazzling Flash        Conj/Hex       46%        N/A       5%          3
d - Iskenderun's Mystic   Conj/Tloc      23%        2d6       19%         4

Your spell library contained the following spells:

 Spells                   Type           Power      Damage    Failure   Level
 Slow                     Hex            20%        N/A       10%         1
 Sublimation of Blood     Necr           5%         N/A       16%         2
 Fulminant Prism          Conj/Hex       11%        3d8       19%         4
 Confusing Touch          Hex            5%         N/A       30%         3
 Vampiric Draining        Necr           5%         2d6       30%         3
 Irradiate                Conj/Tmut      11%        3d15      45%         5
 Petrify                  Tmut/Erth      5%         N/A       69%         4
 Malign Gateway           Summ/Tloc      2%         N/A       100%        7
 Summon Horrible Things   Summ           2%         N/A       100%        8


Dungeon Overview and Level Annotations

Branches:
Dungeon (6/15)             Temple (1/1) D:5

Altars:
Ashenzari
Cheibriados
Dithmenos
Elyvilon
Fedhas
Gozag
Hepliaklqana
Kikubaaqudgha
Makhleb
Nemelex Xobeh
Okawaru
Qazlal
Ru
Sif Muna
Trog
Uskayaw
Vehumet
Wu Jian
Xom
Yredelemnul
Zin


Innate Abilities, Weirdness & Mutations

You cannot wear most types of armour.
You are amphibious.
You can wear up to eight rings at the same time.
Your skin changes colour to match your surroundings (Stealth+).
Your rubbery body absorbs attacks. (AC +1, EV +1)
((You are camouflaged when in or above water. (Stealth+)))
You have tentacles for arms and can constrict up to eight enemies at once.


Message History

Magic restored.
r - a scroll labelled SITOGHUTIM
Found a mace.
You now have 258 gold pieces (gained 4).
A centaur comes into view.
A centaur is nearby!
A centaur is nearby!
The magic dart hits the centaur.
The centaur is moderately wounded.
The centaur shouts!
The centaur wields a +0 shortbow.
The centaur shoots an arrow.
The arrow hits you!
You start resting.
The centaur shoots an arrow.
The arrow hits you!
The centaur shoots an arrow.
The arrow misses you.
Found 10 gold pieces.
The centaur shoots an arrow.
The arrow hits you!
The centaur shoots an arrow.
The arrow hits you!
* * * LOW HITPOINT WARNING * * *
A sky beast comes into view.
The centaur unwields a +0 shortbow.
The centaur misses you. The centaur closely misses you.
Casting: Magic Dart (safe; 1% risk of failure)
Confirm with . or Enter, or press ? or * to list all spells.
Aiming: Searing Ray (safe; 1% risk of failure)
Press: ? - help, Shift-Dir - straight line, f - sky beast, p - centaur
Aim: a sky beast (75% to hit)
The searing ray hits the centaur!
The centaur is heavily wounded.
The searing ray hits the sky beast!
The sky beast is heavily wounded. (Press . to maintain the ray.)
The centaur hits you.
* * * LOW HITPOINT WARNING * * *
The centaur kicks you.
* * * LOW HITPOINT WARNING * * *
Unknown command.
The searing ray hits the centaur!
The centaur is almost dead.
The centaur completely misses you. The centaur kicks you.
You die...

....... $.........
#......... . ..........
.. #......... ...####
#####.........
)...<.#####.............
........................
...######.....#.@.......
... #####...#c#..... .#
###.).# ... . ##....c .
..... #.... ##... ....


You could see a centaur.

Vanquished Creatures
  A water moccasin (D:5)
  3 phantoms
  A scorpion (D:6)
  3 orc priests (D:5)
  A hound (D:5)
  3 sleepcaps
  An iguana (D:5)
  An orc wizard (D:5)
  4 gnolls (D:2)
  6 adders
  2 ufetubi
  2 worms
  4 dart slugs
  12 orcs
  8 ball pythons
  7 endoplasms
  2 giant cockroaches
  6 goblins
  7 hobgoblins
  13 jackals
  8 kobolds
  8 quokkas
  4 bats
  A frilled lizard (D:3)
  2 rats
110 creatures vanquished.

Notes
Turn   | Place    | Note
-------+----------+-------------------------------------------
     0 | D:1      | gruber the Octopode Conjurer began the quest for the Orb.
     0 | D:1      | Reached XP level 1. HP: 11/11 MP: 3/3
   485 | D:1      | Reached XP level 2. HP: 17/17 MP: 1/5
   879 | D:1      | Learned a level 2 spell: Searing Ray
  1125 | D:2      | Reached skill level 5 in Conjurations
  1125 | D:2      | Reached XP level 3. HP: 19/21 MP: 2/6
  1288 | D:2      | Reached XP level 4. HP: 27/27 MP: 1/7
  1759 | D:2      | Found a shadowy altar of Dithmenos.
  2094 | D:3      | Found an iron altar of Okawaru.
  2290 | D:3      | Found a faded altar of an unknown god.
  2298 | D:3      | Reached skill level 6 in Conjurations
  2390 | D:3      | Reached XP level 5. HP: 31/31 MP: 2/8
  2600 | D:3      | Found a burning altar of Makhleb.
  3049 | D:4      | Noticed a phantom
  3073 | D:4      | Killed a phantom
  3074 | D:4      | Reached skill level 7 in Conjurations
  3183 | D:4      | Reached XP level 6. HP: 34/36 MP: 4/9
  3520 | D:4      | Learned a level 3 spell: Dazzling Flash
  3955 | D:4      | Found a sparkling altar of Nemelex Xobeh.
  4087 | D:5      | Entered Level 5 of the Dungeon
  4351 | D:5      | Reached skill level 8 in Conjurations
  4351 | D:5      | Reached XP level 7. HP: 32/41 MP: 2/10
  4575 | D:5      | HP: 2/41 [poisoned by a water moccasin]
  4951 | D:5      | Found a staircase to the Ecumenical Temple.
  5048 | Temple   | Entered the Ecumenical Temple
  5058 | Temple   | Became a worshipper of Vehumet
  5355 | D:5      | Learned a level 4 spell: Iskenderun's Mystic Blast
  5407 | D:6      | Reached XP level 8. HP: 46/46 MP: 2/15
  5542 | D:6      | Reached skill level 5 in Spellcasting
  5563 | D:6      | HP: 2/46 [centaur (1)]
  5564 | D:6      | Slain by a centaur

Illustrated notes

Levels and vault maps discovered:
D:1:      dpeg_arrival_concentric_ovals, layout_basic
D:2:      layout_loops_ring, basic_altar
D:3:      layout_basic, lightli_temple_of_fire, okawaru_altar_gauntlet_db,
          nicolae_ecumenical_snake_handling
D:4:      layout_gridville, nemelex_dance_club_becter, serial_glass,
          glass_columns_b, glass_columns_c, glass_columns_a, glass_columns_a,
          glass_columns_c, glass_columns_c, glass_columns_a, glass_columns_c,
          glass_columns_a, glass_columns_a, glass_columns_a, glass_columns_a,
          glass_columns_a, glass_columns_b, minmay_strange_pillars,
          item_on_display_a, feat_on_display
D:5:      layout_loops_ring, temple_green, minmay_bent
D:6:      layout_rooms, general_overflow_altar, serial_shops, shop,
          chequers_serial_rivers_marsh, uniq_edmund
Temple:   regret_index_temple_chain_breaker

Skill      XL: |  1  2  3  4  5  6  7  8 |
---------------+-------------------------+-----
Conjurations   | 5 6 7 8 |  8.2
Spellcasting   | 4 5 |  5.0
Dodging        | |  2.0
Stealth        | |  2.6

Action                     |  1- 3 |  4- 6 |  7- 9 || total
---------------------------+-------+-------+-------++-------
  Melee: Short sword       |    14 |    69 |    21 ||   104
         Tentacles         |     6 |    14 |     7 ||    27
         Constrict         |     5 |    12 |     6 ||    23
   Cast: Magic Dart        |    27 |   112 |    13 ||   152
         Searing Ray       |     3 |     7 |    14 ||    24
  Evoke: Wand              |       |       |     2 ||     2
    Use: Potion            |       |       |     4 ||     4
   Stab: Sleeping          |     1 |     1 |       ||     2
 Armour: Skin              |     5 |    37 |    26 ||    68
  Dodge: Dodged            |     9 |    36 |    24 ||    69

Table legend: (Time is in decaauts)
 A = Elapsed time spent in this place.
 B = Non-inter-level travel time spent in this place.
 C = Inter-level travel time spent in this place.
 D = Time resting spent in this place.
 E = Time spent auto-exploring this place.
 F = Levels seen in this place.
 G = Mean time per level.
                   A        B        C        D        E       F      G
               +--------+--------+--------+--------+--------+-----+--------+
         Total |   5528 |   5288 |    240 |      2 |   4677 |   7 |  789.7 |
       Dungeon |   5507 |   5287 |    220 |      2 |   4677 |   6 |  917.8 |
        Temple |     20 |      1 |     19 |      0 |      0 |   1 |   20.0 |
               +--------+--------+--------+--------+--------+-----+--------+

Top non-repeatable levels by time:
     D:5: 1311 daAuts
     D:4: 1303 daAuts
     D:2: 963 daAuts
     D:1: 903 daAuts
     D:3: 888 daAuts
     D:6: 137 daAuts
  Temple: 20 daAuts
